 Dungeon Crawl Stone Soup version 0.31-a0-263-ge8cad7f256 (webtiles) character file.

Game seed: 5911719958019203949

54 qw the Shooter (level 3, -2/29 HPs)
             Began as a Minotaur Hexslinger on July 13, 2023.
             Slain by Grinder (4 damage)
             ... on level 3 of the Dungeon.
             The game lasted 00:00:35 (1712 turns).

qw the Shooter (Minotaur Hexslinger)                Turns: 1712, Time: 00:00:36

Health: -2/29      AC:  6    Str: 12    XL:     3   Next: 66%
Magic:  3/3        EV: 11    Int: 10    God:
Gold:   69         SH:  5    Dex: 14    Spells: 3/4 levels left

rFire   . . .        Y - +1 sling
rCold   . . .        (no shield)
rNeg    . . .        e - +0 ring mail
rPois   .            (helmet restricted)
rElec   .            (no cloak)
rCorr   .            d - +0 pair of gloves
SInv    .            (no boots)
Will    .....        g - amulet of reflection
Stlth   +            (no ring)
HPRegen 0.24/turn    (no ring)
MPRegen 0.08/turn

%: reflection
@: no status effects
A: horns 2, retaliatory headbutt
a: no special abilities


You were on level 3 of the Dungeon.
You visited 1 branch of the dungeon, and saw 3 of its levels.

You collected 129 gold pieces.
You spent 60 gold pieces at shops.


Innate Abilities, Weirdness & Mutations

You have a pair of horns on your head.
You reflexively headbutt those who attack you in melee.


   Skills:
 - Level 2.0 Fighting
 + Level 4.0 Ranged Weapons
 - Level 1.1 Armour
 - Level 2.1 Dodging
 - Level 1.0 Spellcasting
 - Level 2.0 Hexes


You had 3 spell levels left.
You knew the following spells:

 Your Spells              Type           Power      Damage    Failure   Level
a - Slow                  Hex            16%        N/A       34%         1

Your spell library contained the following spells:

 Spells                   Type           Power      Damage    Failure   Level
 Inner Flame              Hex/Fire       2%         N/A       83%         3
 Portal Projectile        Hex/Tloc       4%         N/A       83%         3
 Cause Fear               Hex            2%         N/A       98%         4

Inventory:

Hand Weapons
 Y - a +1 sling (weapon)
Armour
 d - a +0 pair of gloves (worn)
 e - a +0 ring mail (worn)
Jewellery
 g - an amulet of reflection (around neck)
Scrolls
 m - a scroll of identify
 n - a scroll of teleportation
Potions
 a - a potion of curing {unknown}
 b - a potion of berserk rage {unknown}
 h - a potion of lignification {unknown}
 j - a potion of attraction {unknown}

Dungeon Overview and Level Annotations

Branches:
Dungeon (3/15)

Altars:

Shops:
D:2 *

Annotations:
D:3 Grinder


Message History

Enter note:
Enter note:
Enter note:
Enter note:
Found a stone staircase leading up.
Enter note:
Enter note:
Enter note: You shoot a sling bullet.
The sling bullet closely misses Grinder.
You shoot a sling bullet. The sling bullet barely misses Grinder.
You shoot a sling bullet. The sling bullet barely misses Grinder.
You shoot a sling bullet. The sling bullet hits Grinder.
Grinder is lightly wounded.
Grinder hits you but does no damage. You block Grinder's attack.
You shoot a sling bullet. The sling bullet barely misses Grinder.
You block Grinder's attack.
You shoot a sling bullet. The sling bullet hits Grinder.
Grinder is lightly wounded.
Grinder barely misses you.
Grinder says, "FISH!"
Grinder hits you.
You writhe in agony.
You shoot a sling bullet.
The sling bullet closely misses Grinder.
Grinder closely misses you.
You shoot a sling bullet.
The sling bullet hits Grinder but does no damage.
Grinder is lightly wounded.
Grinder gestures at you. You resist with significant effort.
You shoot a sling bullet.
The sling bullet closely misses Grinder.
Grinder gestures at you.
You suddenly lose the ability to move!
Grinder hits you.
You writhe in agony.
Grinder hits you.
You writhe in agony.
You can move again.
You shoot a sling bullet.
The sling bullet closely misses Grinder.
Grinder hits you!
You writhe in agony.
You die...

.####..### #.##
.........# #..#
.........# ##.#
.../.....# ###.#
#......### ##...#
######.# ##....##
..# #.# #......##
#....... #.......#
######.#.
#@......... #
###.....5.....####
. ..######.....#
## .......# .
.......# #
.......# .....##
#.<.##


You could see Grinder.

Vanquished Creatures
  An adder (D:2)
  2 worms
  4 ball pythons (D:1)
  5 bats
  3 endoplasms
  3 giant cockroaches
  A hobgoblin (D:1)
  3 quokkas
  4 frilled lizards
  5 goblins
  3 kobolds
  4 rats
38 creatures vanquished.

Notes
Turn   | Place    | Note
-------+----------+-------------------------------------------
     0 | D:1      | qw the Minotaur Hexslinger began the quest for the Orb.
     0 | D:1      | Reached XP level 1. HP: 16/16 MP: 1/1
     0 | D:1      | 0 ||| qw: Version: 0.3-a-52-g30416fa
     0 | D:1      | 0 ||| qw: Game counter: 7399
     0 | D:1      | 0 ||| qw: Melee chars always use a shield: true
     0 | D:1      | 0 ||| qw: God list: Okawaru
     0 | D:1      | 0 ||| qw: Allow faded altars: false
     0 | D:1      | 0 ||| qw: Do Orc after clearing Dungeon:15 true
     0 | D:1      | 0 ||| qw: Do second Lair branch before Depths: true
     0 | D:1      | 0 ||| qw: Lair rune preference: random
     0 | D:1      | 0 ||| qw: Goals: Normal
     0 | D:1      | 0 ||| PLANNING D:1-11
   117 | D:1      | Reached skill level 3 in Ranged Weapons
   117 | D:1      | Reached XP level 2. HP: 23/23 MP: 2/2
   471 | D:1      | You fall into a shaft and drop 1 floor!
   472 | D:2      | 472 ||| UPGRADING to +0 pair of gloves.
   477 | D:2      | 477 ||| UPGRADING to +0 ring mail.
   487 | D:2      | 487 ||| DROPPING +0 robe.
   488 | D:2      | 488 ||| DROPPING scroll of poison.
   903 | D:2      | Reached XP level 3. HP: 29/29 MP: 3/3
  1140 | D:2      | Reached skill level 4 in Ranged Weapons
  1273 | D:2      | Found a faded altar of an unknown god.
  1538 | D:2      | Found Izxotial's General Store.
  1542 | D:2      | 1542 ||| SHOPLISTING ring of resist corrosion (240 gold,
                  | have 114).
  1542 | D:2      | 1542 ||| BUYING scroll of identify (24 gold).
  1542 | D:2      | Bought a scroll of identify for 24 gold pieces
  1542 | D:2      | 1542 ||| BUYING scroll of teleportation (36 gold).
  1542 | D:2      | Bought a scroll of teleportation for 36 gold pieces
  1542 | D:2      | 1542 ||| UPGRADING to amulet of reflection.
  1547 | D:2      | 1547 ||| READING scroll labelled KIMPECVIMEO.
  1548 | D:2      | 1548 ||| READING scroll labelled XARE KEMOATOKI.
  1549 | D:2      | 1549 ||| READING scroll labelled VAC NY HYT.
  1550 | D:2      | 1550 ||| READING scroll labelled QAEJAVV BIHULO.
  1551 | D:2      | 1551 ||| READING scroll labelled LUAWNY VEMOEL.
  1662 | D:3      | Reached skill level 1 in Armour
  1699 | D:3      | Noticed Grinder
  1710 | D:3      | Paralysed by Grinder for 2 turns
  1712 | D:3      | HP: 2/29 [Grinder (8)]
  1712 | D:3      | Slain by Grinder

Levels and vault maps discovered:
D:1:      matt_arrival_spirals, layout_basic
D:2:      layout_loops_ring, hellmonk_ecumenical_altar_zigzags, serial_shops,
          nicolae_shop_pleasant_corner_grove
D:3:      layout_rooms, minitemple, zin_treasury, uniq_grinder

Skill      XL: |  1  2  3 |
---------------+----------+-----
Ranged Weapons | 3 4 |  4.0
Fighting       | 2 |  2.0
Armour         | 1 |  1.1
Dodging        | |  2.1
Spellcasting   | |  1.0
Hexes          | |  2.0

Action                     || total
---------------------------++-------
   Fire: Sling             ||   120
    Use: Scroll            ||     5
 Armour: Robe              ||     7
         Ring mail         ||     8
  Dodge: Dodged            ||    31
  Block: Other             ||     2

Table legend:
 A = Non-vault XP
 B = Vault XP
 C = Vault XP percentage of total XP
 D = Non-vault monster count
 E = Vault monster count
 F = Vault count percentage of total count
                 A         B        C        D         E       F
            +---------+---------+-------+---------+---------+-------
      Total |      78 |       0 |   0.0 |      38 |       0 |   0.0
            +---------+---------+-------+---------+---------+-------
        D:1 |      39 |       0 |   0.0 |      25 |       0 |   0.0
        D:2 |      32 |       0 |   0.0 |      11 |       0 |   0.0
        D:3 |       7 |       0 |   0.0 |       2 |       0 |   0.0
            +---------+---------+-------+---------+---------+-------
